 Dungeon Crawl Stone Soup version 0.19.5 (console) character file.

102 Grinner the Cutter (level 4, -3/23 HPs)
             Began as a Spriggan Fighter on Mar 5, 2017.
             Killed by nerve-wracking pain
             ... invoked by Grinder
              (9 damage)
             ... on level 3 of the Dungeon.
             The game lasted 00:03:59 (2123 turns).

Grinner the Cutter (Spriggan Fighter)               Turns: 2123, Time: 00:03:59

Health: -3/23      AC:  4    Str: 18    XL:     4   Next: 49%
Magic:  5/5        EV: 19    Int: 14    God:
Gold:   154        SH:  6    Dex: 15    Spells: 0 memorised, 3 levels left

rFire  + . .     SeeInvis +     a - +0 rapier
rCold  . . .     Gourm    .     b - +0 robe
rNeg   . . .     Faith    .     c - +0 buckler
rPois  .         Spirit   .     (helmet restricted)
rElec  .         Reflect  .     (no cloak)
rCorr  .         Harm     .     (gloves unavailable)
MR     .....                    (boots unavailable)
Stlth  ++........               (no amulet)
                                (no ring)
                                g - ring of protection from fire

@: mighty, brilliant, very slightly contaminated, invisible, very quick
A: unfitting armour, yellow scales 1, see invisible, herbivore 3, speed 3, slow
metabolism 2
a: no special abilities


You were on level 3 of the Dungeon.
You were not hungry.

You visited 1 branch of the dungeon, and saw 3 of its levels.

You collected 154 gold pieces.

Inventory:

Hand Weapons
 a - a +0 rapier (weapon)
Armour
 b - a +0 robe (worn)
 c - a +0 buckler (worn)
Jewellery
 g - a ring of protection from fire (left hand)
Scrolls
 h - a scroll of noise {unknown}
 i - a scroll of remove curse {unknown}
 l - a scroll of identify {unknown}
 m - a scroll of immolation {unknown}
 o - a scroll of random uselessness {unknown}
 q - a scroll of enchant armour {unknown}
Potions
 e - 2 potions of curing
Comestibles
 f - a bread ration
 p - a royal jelly


   Skills:
 - Level 2.4 Fighting
 * Level 4.7 Short Blades
 - Level 4.4 Dodging
 + Level 1.2 Stealth
 + Level 2.5 Shields


You had 3 spell levels left.
You didn't know any spells.

Dungeon Overview and Level Annotations

Branches:
Dungeon (3/15)

Altars:
Cheibriados

Annotations:
D:3 Grinder


Innate Abilities, Weirdness & Mutations

You are very small and have problems with some larger weapons.
You are too small for most types of armour.
You have supernaturally acute eyesight. (SInv)
You are a herbivore.
You cover ground extremely quickly.
You need consume almost no food.
You are partially covered in yellow scales. (AC +2)


Message History

Grinder is heavily wounded.
Grinder barely misses you.
You puncture Grinder!
Grinder is severely wounded.
Grinder gestures at you. Pain shoots through your body!
You barely miss Grinder.
Grinder is severely wounded.
Grinder gestures at you.
You struggle to resist.
You hit Grinder.
Grinder is almost dead.
Grinder hits you.
You writhe in agony.
* * * LOW HITPOINT WARNING * * *
You barely miss Grinder.
Grinder is almost dead.
Grinder says, "DUCK!"
Grinder gestures at you. Pain shoots through your body!
You die...

#.......####.#.#
##.....###...#.#
##..........#.#
....#).)..#
.#.#_#.#..#
#..#..#..#
#..)..#..#####.#
#..#.##.........
#.###.#.@5....#
..# ##.########
..# ##..# ...
#.#.# .. #.# .#
#.# .# #.# .# ##
.. ..


You could see Grinder.

Vanquished Creatures
  Jessica (D:3)
  A gnoll (D:1)
  An adder (D:2)
  A worm (D:2)
  A dart slug (D:1)
  2 leopard geckos (D:1)
  4 giant cockroaches
  5 goblins
  6 hobgoblins
  8 jackals (D:2)
  A quokka (D:2)
  7 bats
  5 frilled lizards
  2 kobolds
  3 rats
48 creatures vanquished.

Notes
Turn   | Place    | Note
-------+----------+-------------------------------------------
     0 | D:1      | Grinner the Spriggan Fighter began the quest for the Orb.
     0 | D:1      | Reached XP level 1. HP: 11/11 MP: 2/2
   247 | D:1      | Reached XP level 2. HP: 8/16 MP: 3/3
   696 | D:1      | Reached XP level 3. HP: 13/19 MP: 4/4
  1751 | D:2      | Reached XP level 4. HP: 22/23 MP: 5/5
  1908 | D:3      | Noticed Jessica
  1916 | D:3      | Killed Jessica
  1916 | D:3      | Reached skill level 1 in Stealth
  1918 | D:3      | Found a snail-covered altar of Cheibriados.
  1988 | D:3      | Found a faded altar of an unknown god.
  2106 | D:3      | Noticed Grinder
  2110 | D:3      | Gained mutation: Your muscles are strong. (Str +2) [potion of mutation]
  2110 | D:3      | Lost mutation: Your muscles are strong. (Str +2) [potion of mutation]
  2110 | D:3      | Gained mutation: You are partially covered in yellow scales. (AC +2) [potion of mutation]
  2123 | D:3      | Killed from afar by Grinder

Skill      XL: |  1  2  3  4 |
---------------+-------------+-----
Short Blades   | 3 4 |  4.7
Stealth        | 1 |  1.2
Fighting       | |  2.4
Dodging        | |  4.4
Shields        | |  2.5

Action                   |  1- 3 |  4- 6 || total
-------------------------+-------+-------++-------
Melee: Rapier            |   153 |    34 ||   187
  Use: Potion            |       |     5 ||     5
 Stab: Sleeping          |     2 |       ||     2
Armor: Robe              |     6 |     2 ||     8
Dodge: Dodged            |   103 |    23 ||   126
Block: Buckler           |    41 |     5 ||    46
